 Dungeon Crawl Stone Soup version 0.21-a0-531-gacddea6 (webtiles) character file.

54 slep the Chopper (level 3, -1/27 HPs)
             Began as a Demonspawn Gladiator on Dec 13, 2017.
             Slain by Sigmund
             ... wielding a +0 scythe
              (8 damage)
             ... on level 2 of the Dungeon.
             The game lasted 00:03:25 (776 turns).

slep the Chopper (Demonspawn Gladiator)              Turns: 776, Time: 00:03:26

Health: -1/27      AC:  6    Str: 14    XL:     3   Next: 66%
Magic:  3/3        EV: 12    Int:  9    God:
Gold:   110        SH:  0    Dex: 15    Spells: 2/2 levels left

rFire    . . .     SeeInvis .   a - +0 war axe
rCold    . . .     Gourm    .   (no shield)
rNeg     . . .     Faith    .   m - +0 ring mail (curse)
rPois    .         Spirit   .   c - +0 helmet
rElec    .         Reflect  .   (no cloak)
rCorr    +         Harm     .   (no gloves)
MR       .....                  (no boots)
Stlth    +.........             n - amulet of rage
HPRegen  0.09/turn              j - ring of resist corrosion
MPRegen  0.08/turn              (no ring)

@: no status effects
A: demonic guardian 1
a: Evoke Berserk Rage


You were on level 2 of the Dungeon.
You were not hungry.

You visited 1 branch of the dungeon, and saw 2 of its levels.

You collected 110 gold pieces.

Inventory:

Hand Weapons
 a - a +0 war axe (weapon)
Missiles
 d - 3 throwing nets (quivered)
Armour
 b - a +0 leather armour
 c - a +0 helmet (worn)
 k - a +2 leather armour of fire resistance
 m - a cursed +0 ring mail (worn)
 o - a cursed +0 robe
Jewellery
 j - a ring of resist corrosion (left hand)
 n - an amulet of rage (around neck)
Scrolls
 i - a scroll of identify {unknown}
 l - a scroll of remove curse {unknown}
Potions
 e - a potion of degeneration {unknown}
 h - a potion of curing {unknown}
 p - a potion of agility {unknown}
Comestibles
 f - 2 bread rations
 g - 4 fruits
 q - a royal jelly


   Skills:
 + Level 2.2 Fighting
 + Level 3.3 Axes
 + Level 2.0 Throwing
 + Level 1.0 Armour
 + Level 3.1 Dodging


You had 2 spell levels left.
You didn't know any spells.

Dungeon Overview and Level Annotations

Branches:
Dungeon (2/15)

Altars:

Annotations:
D:2 Sigmund


Innate Abilities, Weirdness & Mutations

A weak demonic guardian rushes to your aid.


Message History

The kobold hits you but does no damage.
Sigmund hits your white imp with a scythe.
You hit the kobold but do no damage.
Your white imp hits Sigmund.
Your white imp freezes Sigmund.
Sigmund resists.
The kobold closely misses you.
You slash the kobold!
You kill the kobold!
Sigmund hits your white imp with a scythe!
Your white imp dies!
Sigmund hits something but does no damage.
Sigmund hits something but does no damage.
You strike the helpless Sigmund from behind!
You hit Sigmund.
Sigmund is severely wounded.
Sigmund hits you but does no damage.
You hit Sigmund.
Sigmund is severely wounded.
You closely miss Sigmund.
Sigmund is severely wounded.
Sigmund hits you with a scythe!
You die...

##.######.........†.<......
........#.######..........
#.#####...................
##)#.....#######...##......
..##...†###### #.####.#....
#........)....## #.#
#.###..
#..............####..# #.#
.. ......#........5.....#
.# . .###.##########@#....#
#. #. ##@†5...## #.
#...#..........#
#.K.....†.......
...............#.
.....[...........
##.............##
#..........<..#
.......?......#


You could see Sigmund and 2 friendly iron imps.

Vanquished Creatures
  3 adders (D:2)
  2 leopard geckos
  2 giant cockroaches (D:1)
  A goblin (D:1)
  3 hobgoblins
  A quokka (D:2)
  A bat (D:1)
  3 frilled lizards
  7 kobolds
  2 rats
25 creatures vanquished.

Vanquished Creatures (collateral kills)
  A bat (D:2)
  A quokka (D:2)
  A frilled lizard (D:2)
3 creatures vanquished.

Grand Total: 28 creatures vanquished

Notes
Turn   | Place    | Note
-------+----------+-------------------------------------------
     0 | D:1      | slep the Demonspawn Gladiator began the quest for the Orb.
     0 | D:1      | Reached XP level 1. HP: 16/16 MP: 1/1
   237 | D:1      | Gained mutation: A weak demonic guardian rushes to your aid. [demonic ancestry]
   237 | D:1      | Reached XP level 2. HP: 19/22 MP: 2/2
   705 | D:2      | Reached XP level 3. HP: 20/27 MP: 3/3
   755 | D:2      | Noticed Sigmund
   765 | D:2      | Reached skill level 1 in Armour
   776 | D:2      | Slain by Sigmund

Vault maps used:
D:1:      sevenhm_arrival_forest_fort_large_2
D:2:      fiery_altar_vehumet, first_bread, uniq_sigmund

Skill      XL: |  1  2  3 |
---------------+----------+-----
Axes           | 3 |  3.3
Dodging        | 3 |  3.1
Throwing       | 2 |  2.0
Armour         | 1 |  1.0
Fighting       | |  2.2

Action                   || total
-------------------------++-------
Melee: War axe           ||    59
 Stab: Distracted        ||     1
Armor: Leather armour    ||     9
       Ring mail         ||    20
Dodge: Dodged            ||    53

Table legend:
 A = Spawn XP
 B = Non-spawn XP
 C = Spawn XP percentage of total XP
 D = Spawn monster count
 E = Non-spawn monster count
 F = Spawn count percentage of total count
 G = Total turns spent on level
                    A         B        C        D         E        F      G
               +---------+---------+-------+---------+---------+-------+---------
         Total |       0 |      78 |   0.0 |       0 |      28 |   0.0 |   776
               +---------+---------+-------+---------+---------+-------+---------
           D:1 |       0 |      22 |   0.0 |       0 |      14 |   0.0 |   695
           D:2 |       0 |      56 |   0.0 |       0 |      14 |   0.0 |    81
               +---------+---------+-------+---------+---------+-------+---------
